 Dungeon Crawl Stone Soup version 0.29.0-11-gd7f09526c8 (console) character file.

Game seed: 9047782961423169884

233 erker the Chopper (level 5, 0/47 HPs)
             Began as a Minotaur Fighter on Sept 4, 2022.
             Slain by a centaur (2 damage)
             ... on level 5 of the Dungeon.
             The game lasted 00:06:34 (4246 turns).

erker the Chopper (Minotaur Fighter)                Turns: 4246, Time: 00:06:34

Health: 0/47       AC:  8    Str: 22    XL:     5   Next: 75%
Magic:  4/4        EV: 10    Int:  5    God:
Gold:   71         SH:  4    Dex: 10    Spells: 4/4 levels left

rFire   . . .      SeeInvis .   a - +0 war axe
rCold   . . .      Faith    .   c - +0 buckler
rNeg    . . .      Spirit   .   b - +0 scale mail
rPois   .          Reflect  .   (helmet restricted)
rElec   .          Harm     .   (no cloak)
rCorr   .          Rampage  .   (no gloves)
Will    .....                   o - +0 pair of boots
Stlth   ..........              (no amulet)
HPRegen 0.15/turn               (no ring)
MPRegen 0.09/turn               (no ring)

@: no status effects
A: horns 2, retaliatory headbutt
a: no special abilities


You were on level 5 of the Dungeon.
You visited 1 branch of the dungeon, and saw 5 of its levels.

You collected 214 gold pieces.
You spent 143 gold pieces at shops.

Inventory:

Hand Weapons
 a - a +0 war axe (weapon)
Missiles
 r - 6 poisoned darts (quivered)
Armour
 b - a +0 scale mail (worn)
 c - a +0 buckler (worn)
 o - a +0 pair of boots (worn)
Jewellery
 i - a ring of ice
Wands
 s - a wand of flame (19)
Scrolls
 f - a scroll of silence {unknown}
 k - a scroll of enchant armour {unknown}
 l - a scroll of noise {unknown}
 p - a scroll of identify {unknown}
 q - a scroll of fear {unknown}
 t - a scroll of butterflies {unknown}
Potions
 d - 2 potions of might
 e - 3 potions of haste
 g - 3 potions of degeneration {unknown}
 h - 2 potions of brilliance {unknown}
 j - a potion of heal wounds {unknown}
 n - 3 potions of lignification {unknown}


   Skills:
 + Level 4.6 Fighting
 * Level 4.8 Axes
 + Level 4.6 Armour
 + Level 2.1 Dodging
 + Level 4.4 Shields


You had 4 spell levels left.
You didn't know any spells.
Your spell library contained the following spells:

 Spells                   Type           Power      Damage    Failure   Level
 Beastly Appendage        Tmut           0%         N/A       86%         1
 Wereblood                Tmut           0%         N/A       95%         2
 Spider Form              Tmut/Pois      0%         N/A       99%         3


Dungeon Overview and Level Annotations

Branches:
Dungeon (5/15)
 Temple: D:4-7

Altars:
Ashenzari
Fedhas
Trog
Uskayaw

Shops:
D:1 *


Innate Abilities, Weirdness & Mutations

You have a pair of horns on your head.
You reflexively headbutt those who attack you in melee.


Message History

You slash the worm!
You kill the worm!
HP restored.
You hear the slow hiss of a very distant avalanche of sand.
An orc comes into view. It is wielding a +0 whip.
An orc is nearby!
Found a potion of curing.
You closely miss the orc. The orc hits you with a +0 whip.
You closely miss the orc. The orc hits you but does no damage. x2
You hit the orc but do no damage. You block the orc's attack.
You slash the orc!
You kill the orc!
Things that are here:
a +0 whip; a +0 leather armour A centaur comes into view.
The centaur wields a +0 shortbow of freezing.
It is covered in frost.
The centaur shoots an arrow.
The arrow hits you. The arrow freezes you.
The centaur shoots an arrow.
You block the arrow.
The centaur shoots an arrow.
The arrow hits you! The arrow freezes you.
The centaur shoots an arrow.
The arrow hits you. The arrow freezes you.
The centaur shoots an arrow.
The arrow hits you. The arrow freezes you.
The centaur shoots an arrow.
The arrow hits you.
* * * LOW HITPOINT WARNING * * *
The arrow freezes you.
* * * LOW HITPOINT WARNING * * *
The centaur shoots an arrow.
The arrow hits you!
* * * LOW HITPOINT WARNING * * *
The arrow freezes you.
* * * LOW HITPOINT WARNING * * *
You feel better.
The centaur shoots an arrow.
The arrow hits you.
* * * LOW HITPOINT WARNING * * *
The arrow freezes you.
* * * LOW HITPOINT WARNING * * *
The centaur unwields a +0 shortbow of freezing.
The centaur hits you.
* * * LOW HITPOINT WARNING * * *
The centaur kicks you but does no damage.
The centaur hits you.
You die...

.. #.##########
##..........#
####...........#
####
...............# ...
#............# #.#
#.c........####.##.#
#..@.............#.#
#########.##....##.#
#)##........
#.......##.#
#.##..#.#..#
.......#.#..#
###.##.##.....
#.##.......#
#.####<.....


You could see a centaur.

Vanquished Creatures
  An orc priest (D:4)
  An orc wizard (D:4)
  A gnoll (D:1)
  4 adders
  4 worms
  2 dart slugs
  14 orcs
  8 ball pythons
  9 endoplasms
  6 giant cockroaches
  7 goblins
  9 hobgoblins
  5 jackals
  7 kobolds
  7 quokkas
  5 bats
  2 frilled lizards
  4 rats
96 creatures vanquished.

Notes
Turn   | Place    | Note
-------+----------+-------------------------------------------
     0 | D:1      | erker the Minotaur Fighter began the quest for the Orb.
     0 | D:1      | Reached XP level 1. HP: 19/19 MP: 0/0
   402 | D:1      | Reached XP level 2. HP: 27/27 MP: 1/1
   779 | D:1      | Found Tapyiwir's General Store.
   823 | D:1      | Reached skill level 1 in Dodging
   881 | D:1      | Reached XP level 3. HP: 32/33 MP: 2/2
  1684 | D:2      | Reached XP level 4. HP: 38/40 MP: 3/3
  2031 | D:2      | Found a bloodstained altar of Trog.
  2311 | D:1      | Bought a potion of curing for 33 gold pieces
  2497 | D:3      | Found a faded altar of an unknown god.
  2786 | D:3      | Found a broken altar of Ashenzari.
  2836 | D:3      | Found a blossoming altar of Fedhas.
  2918 | D:3      | HP: 2/40 [orc/silver boomerang (3)]
  3227 | D:3      | Reached XP level 5. HP: 29/46 MP: 4/4
  3881 | D:1      | Bought a potion of haste for 110 gold pieces
  4089 | D:4      | Noticed an ogre
  4167 | D:5      | Entered Level 5 of the Dungeon
  4167 | D:5      | Found a hide-covered altar of Uskayaw.
  4239 | D:5      | Noticed a centaur
  4244 | D:5      | HP: 1/47 [centaur/arrow (3)]
  4246 | D:5      | Slain by a centaur

Illustrated notes

Levels and vault maps discovered:
D:1:      nicolae_arrival_somewhat_less_tricky_arrival, layout_basic,
          serial_shops, nicolae_square_shop
D:2:      minmay_inner_zag, layout_loops_ring, basic_altar
D:3:      layout_loops_cross, mainiacjoe_overflow_alcove_4,
          cheibrodos_ashenzari_chains, shapermc_ecumenical_altar_starsandcircs
D:4:      layout_rooms, nicolae_gozag_cash_rules_everything_around_me,
          minmay_ruined_shrine
D:5:      layout_basic, tso_altar, mainiacjoe_overflow_cross_hatched,
          enter_ossuary_4

Skill      XL: |  1  2  3  4  5 |
---------------+----------------+-----
Axes           | 3 4 |  4.8
Dodging        | 1 2 |  2.1
Armour         | 4 |  4.6
Fighting       | 4 |  4.6
Shields        | 4 |  4.4

Action                   |  1- 3 |  4- 6 || total
-------------------------+-------+-------++-------
Melee: War axe           |    89 |   126 ||   215
       Headbutt          |    10 |    17 ||    27
  Use: Potion            |       |     2 ||     2
Armor: Scale mail        |    45 |    59 ||   104
Dodge: Dodged            |    43 |    66 ||   109
Block: Buckler           |    16 |    26 ||    42
